 Dungeon Crawl Stone Soup version 0.29-a0-542-g075992c915 (webtiles) character file.

Game seed: 4381866979138031037

132672 PapperCannon the Gelid (level 17, -24/103 HPs)
             Began as an Octopode Conjurer on June 4, 2022.
             Was an Initiate of Gozag.
             Annihilated by Asterion
             ... wielding a +1 demon trident of venom
              (43 damage)
             ... on level 4 of the Snake Pit.
             The game lasted 02:23:18 (77754 turns).

PapperCannon the Gelid (Octopode Conjurer)         Turns: 77754, Time: 02:23:22

Health: -24/103    AC:  3    Str: 13    XL:     17   Next: 13%
Magic:  23/23      EV: 31    Int: 30    God:    Gozag
Gold:   8956       SH:  0    Dex: 17    Spells: 2/25 levels left

rFire   . . .      SeeInvis .   F - staff of conjuration
rCold   + . .      Faith    .   (no shield)
rNeg    + . .      Spirit   .   J - +2 hat {Int+3}
rPois   +          Reflect  .   q - amulet of the acrobat
rElec   .          Harm     .   j - +6 ring of dexterity
rCorr   .          Rampage  .   f - ring of willpower
Will    +++..                   x - ring of poison resistance
Stlth   +++++.....              z - +4 ring of slaying
HPRegen 0.27/turn               R - ring of protection from cold
MPRegen 0.18/turn               S - +6 ring of strength
                                T - ring of willpower
                                i - ring of positive energy

@: about to teleport, acrobatic
A: almost no armour, amphibious, 8 rings, camouflage 1, gelatinous body 1,
(nimble swimmer 1), tentacles
a: Renounce Religion, Potion Petition, Call Merchant, Bribe Branch


You were on level 4 of the Snake Pit.
You worshipped Gozag.
Gozag was greatly pleased with you.
You visited 6 branches of the dungeon, and saw 28 of its levels.
You also visited: Ossuary.

You collected 9760 gold pieces.
You spent 657 gold pieces at shops.
You paid 147 gold pieces to Gozag.

Inventory:

Hand Weapons
 n - the +5 rapier of the Pits of Slime {freeze, rElec}
   (You found it on level 6 of the Lair of Beasts)

   It freezes those it strikes, dealing additional cold damage.
   It can also slow down cold-blooded creatures.
   rElec:     It insulates you from electricity.
 L - the +6 dagger "Noqofiel" {holy, rPois Str+3 Int-3}
   (You found it on level 8 of the Dungeon)

   It has been blessed by the Shining One to cause great damage to the undead
   and demons.
   Str:       It affects your strength (+3).
   Int:       It affects your intelligence (-3).
   rPois:     It protects you from poison.
 W - a +1 dagger of protection
Missiles
 K - 4 curare-tipped darts
Armour
 s - a +0 kite shield of protection
 J - a +2 hat of intelligence (worn)
Magical Staves
 v - a staff of cold
 F - a staff of conjuration (weapon)
Jewellery
 f - a ring of willpower (right tentacle)
 i - a ring of positive energy (on tentacle)
 j - a +6 ring of dexterity (left tentacle)
 k - a ring of resist corrosion
 q - an amulet of the acrobat (around mantle)
 x - a ring of poison resistance (on tentacle)
 z - a +4 ring of slaying (on tentacle)
 Q - a ring of flight
 R - a ring of protection from cold (on tentacle)
 S - a +6 ring of strength (on tentacle)
 T - a ring of willpower (on tentacle)
Wands
 B - a wand of mindburst (22)
 D - a wand of acid (21)
 H - a wand of paralysis (6)
 N - a wand of iceblast (22)
 Y - a wand of charming (8)
Scrolls
 b - 5 scrolls of blinking
 d - 2 scrolls of summoning
 g - 7 scrolls of fog
 l - 7 scrolls of poison
 t - 10 scrolls of teleportation
 y - 5 scrolls of fear
 A - 2 scrolls of enchant armour
 C - 3 scrolls of immolation
 U - a scroll of brand weapon
 X - 3 scrolls of vulnerability
 Z - 2 scrolls of magic mapping
Potions
 a - 2 potions of magic
 c - 20 potions of curing
 e - 8 potions of heal wounds
 h - 2 potions of haste
 m - a potion of experience {unknown}
 o - 8 potions of might
 r - 2 potions of berserk rage {unknown}
 u - 2 potions of attraction
 w - 5 potions of mutation
 E - 2 potions of ambrosia
 G - 5 potions of invisibility
 I - a potion of resistance {unknown}
 M - 2 potions of cancellation
 O - 3 potions of brilliance
 P - 2 potions of lignification
Miscellaneous
 p - a tin of tremorstones (2/2)
 V - a phantom mirror


   Skills:
 - Level 5.0 Fighting
 - Level 6.1 Dodging
 - Level 8.0 Stealth
 - Level 4.6 Spellcasting
 - Level 17.0 Conjurations
 - Level 15.0 Hexes
 - Level 5.0 Translocations
 * Level 17.6 Ice Magic


You had 2 spell levels left.
You knew the following spells:

 Your Spells              Type           Power      Damage    Failure   Level
a - Searing Ray           Conj           100%       2d8       0%          2
b - Magic Dart            Conj           100%       1d8       0%          1
c - Fulminant Prism       Conj/Hex       50%        3d23      1%          4
d - Iskenderun's Mystic   Conj/Tloc      83%        2d16      1%          4
e - Freezing Cloud        Conj/Ice/Air   42%        6-21      1%          5
o - Orb of Destruction    Conj           52%        9d13      4%          7

Your spell library contained the following spells:

 Spells                   Type           Power      Damage    Failure   Level
 Apportation              Tloc           72%        N/A       1%          1
 Blink                    Tloc           72%        N/A       1%          2
 Beastly Appendage        Tmut           12%        N/A       6%          1
 Necrotize                Necr           24%        1d5       6%          1
 Sandblast                Erth           12%        2d6       6%          1
 Call Imp                 Summ           6%         N/A       10%         2
 Passwall                 Tmut/Erth      5%         N/A       10%         2
 Poisonous Vapours        Pois/Air       12%        N/A       10%         2
 Wereblood                Tmut           6%         N/A       10%         2
 Ozocubu's Armour         Ice            85%        N/A       0%          3
 Conjure Flame            Conj/Fire      72%        6-21      1%          3
 Dazzling Flash           Conj/Hex       100%       N/A       1%          3
 Mephitic Cloud           Conj/Pois/Air  57%        N/A       1%          3
 Stone Arrow              Conj/Erth      100%       3d13      1%          3
 Cause Fear               Hex            38%        N/A       1%          4
 Sticky Flame             Conj/Fire      72%        2d9       1%          4
 Iskenderun's Battlesphe  Conj           100%       2d15      1%          5
 Lesser Beckoning         Tloc           36%        N/A       2%          3
 Ozocubu's Refrigeration  Ice            42%        4d13      3%          7
 Fireball                 Conj/Fire      36%        3d15      5%          5
 Ignite Poison            Fire/Tmut/Pois 6%         N/A       19%         3
 Spider Form              Tmut/Pois      6%         N/A       19%         3
 Vampiric Draining        Necr           6%         2d6       19%         3
 Manifold Assault         Tloc           36%        N/A       22%         5
 Conjure Ball Lightning   Conj/Air       36%        3x3d12    28%         6
 Dispel Undead            Necr           6%         3d8       52%         4
 Summon Forest            Summ/Tloc      10%        N/A       52%         5
 Agony                    Necr           6%         N/A       86%         5
 Alistair's Intoxication  Tmut/Pois      4%         N/A       86%         5
 Death Channel            Necr           3%         N/A       100%        6
 Eringya's Noxious Bog    Tmut/Pois      3%         N/A       100%        6
 Dragon Form              Tmut           3%         N/A       100%        7
 Storm Form               Tmut/Air       3%         N/A       100%        7
 Summon Hydra             Summ           3%         N/A       100%        7
 Dragon's Call            Summ           3%         N/A       100%        9
 Corpse Rot               Necr/Pois/Air  Unusable   N/A       N/A         4

Dungeon Overview and Level Annotations

Branches:
Dungeon (14/15)            Temple (1/1) D:7            Lair (6/6) D:11
 Shoals (1/4) Lair:2        Snake (4/4) Lair:3        Slime (0/5) Lair:5
    Orc (2/2) D:12            Elf (0/3) Orc:2        Vaults (0/5) D:13
Ossuary (visited)

Altars:
Ashenzari
Cheibriados
Dithmenos
Elyvilon
Fedhas
Gozag
Hepliaklqana
Kikubaaqudgha
Makhleb
Nemelex Xobeh
Okawaru
Qazlal
Ru
Sif Muna
Trog
Uskayaw
Vehumet
Wu Jian
Xom
Yredelemnul
Zin
The Shining One
Beogh

Shops:
D:5 !!==   D:6 [   D:14 (*!   Orc:1 :[*(   Orc:2 ?(*[:   Snake:2 *

Annotations:
D:2 1 runed translucent door, Crazy Yiuf
D:7 2 runed translucent doors, exclusion: orange crystal statue
D:8 2 runed translucent doors
Shoals:1 Josephine
Snake:4 Asterion, Vashnia


Innate Abilities, Weirdness & Mutations

You cannot wear most types of armour.
You are amphibious.
You can wear up to eight rings at the same time.
Your skin changes colour to match your surroundings (Stealth+).
Your rubbery body absorbs attacks. (AC +1, EV +1)
((You are camouflaged when in or above water. (Stealth+)))
You have tentacles for arms and can constrict up to eight enemies at once.


Message History

Your fulminant prism crackles loudly.
The naga sharpshooter is engulfed in freezing vapours.
The naga sharpshooter mumbles some strange words.
The naga sharpshooter magically shoots a bolt.
The bolt closely misses you.
The naga sharpshooter is engulfed in freezing vapours.
You kill the naga sharpshooter!
The naga sharpshooter is engulfed in freezing vapours.
You kill the naga sharpshooter!
Your fulminant prism explodes!
The blast of energy engulfs the naga sharpshooter!!!
You kill the naga sharpshooter!
You start resting.
Magic restored.
You start resting.
HP restored.
You now have 8924 gold pieces (gained 15).
Things that are here:
a +0 arbalest; a +0 dire flail You now have 8940 gold pieces (gained 16).
Things that are here:
a +0 arbalest; a +0 long sword You now have 8956 gold pieces (gained 16).
Things that are here:
a +0 arbalest; a +0 battleaxe; a +0 robe Asterion the Fallen King comes into view.
He is wielding a +1 demon trident of venom and wearing a +0 scale mail of positive energy.
Press: ? - help, v - describe, . - travel
Here: Asterion, wielding a +1 demon trident of venom, wearing a +0 scale mail of positive energy and wearing a +0 kite shield (wandering, hasn't noticed you)
The floor.
As you read the scroll of teleportation, it crumbles to dust.
You feel strangely unstable.
Asterion hits you with a +1 demon trident of venom!!
Asterion gores you! Asterion attacks as you move away!
Asterion hits you with a +1 demon trident of venom!!
* * * LOW HITPOINT WARNING * * *
Asterion gores you!
* * * LOW HITPOINT WARNING * * *
Asterion hits you from afar with a +1 demon trident of venom!!!
You die...
Your body crumbles into a pile of gold.

#.#..#
#.........#.#######.
#....#
########..#.#.....#.
###.## ##.#.#.###.#.
#.# #.#.......#. #.#
#######.###.#####.
#.# #.......# #.# #(
#.# #H# ### #.# #.
#.# #.# #.#####. #.#
#@# #.....#. #.# #.#
#####.#.
#.############.#
#<..#.
#.....)))......#
#####.
################ #.
##


You could see Asterion.

Vanquished Creatures
  Gastronok (Lair:3)
  3 nagarajas
  An orc warlord (Orc:2)
  Aizul (Snake:1)
  7 hydras
  2 boulder beetles
  A merfolk avatar (Lair:6)
  5 two-headed ogres
  A death knight (D:13)
  5 anacondas
  7 naga warriors
  2 alligators (Lair:5)
  4 centaur warriors
  11 death yaks
  2 tengu warriors
  3 orc high priests (Orc:2)
  6 shock serpents
  Sonja (Lair:1)
  6 naga sharpshooters
  2 skeletal warriors (D:13)
  A salamander mystic (Snake:4)
  2 swamp dragons (Lair:5)
  4 sea snakes
  7 naga ritualists
  A wizard (D:14)
  Pikel (D:7)
  4 harpies
  8 mana vipers
  3 cyclopes
  A deep elf pyromancer (D:13)
  2 manticores
  2 ugly things
  4 orc sorcerers (Orc:2)
  4 orc knights (Orc:2)
  17 elephants
  10 salamanders
  2 guardian serpents
  19 black mambas
  3 torpor snails
  6 naga magi
  14 cane toads
  3 unseen horrors
  5 rime drakes
  A kobold demonologist (D:11)
  15 komodo dragons
  A freezing wraith (D:13)
  10 trolls
  2 tyrant leeches (Lair:5)
  6 polar bears
  4 slime creatures (D:13)
  A hornet (D:9)
  A hornet (shapeshifter) (D:14)
  7 blink frogs
  11 dream sheep (Lair:5)
  2 snapping turtles
  2 shadows
  A vampire (D:11)
  3 wraiths
  53 yaks
  4 wyverns
  8 basilisks
  2 steam dragons (Lair:6)
  14 vampire mosquitoes
  An acid dragon (D:8)
  7 wargs
  Menkaure (D:7)
  35 nagas
  3 swamp worms (Lair:5)
  22 water moccasins
  45 orc warriors
  A swamp drake (Lair:5)
  7 ogres
  3 black bears
  4 wolves (Lair:2)
  3 centaurs
  3 lemures (D:7)
  A phantom (D:6)
  7 kobold brigands
  9 scorpions (Ossuary)
  17 bullfrogs
  6 necrophages
  9 wights
  10 killer bees
  3 howler monkeys (D:10)
  3 human zombies (Ossuary)
  3 jellies
  A gnoll shaman (D:8)
  A hound (D:5)
  24 orc priests
  3 iguanas (D:7)
  31 orc wizards
  5 scorpion zombies (Ossuary)
  6 hell rats
  3 mummies (Ossuary)
  Robin (D:4)
  16 gnolls
  17 adders
  A shadow imp (D:4)
  5 dart slugs
  84 orcs
  8 ball pythons
  13 endoplasms
  5 giant cockroaches
  2 gnoll zombies (Ossuary)
  12 goblins
  7 hobgoblins
  6 jackals
  5 quokkas
  8 bats
  6 frilled lizards
  3 goblin zombies (Ossuary)
  15 kobolds
  2 kobold zombies (Ossuary)
  6 orc zombies (Ossuary)
  7 rats
  A fulminant prism (Lair:3)
849 creatures vanquished.

Vanquished Creatures (others)
  2 dancing weapons (D:13)
  457 fulminant prisms
  127 fungi
  171 plants
757 creatures vanquished.

Grand Total: 1606 creatures vanquished

Notes
Turn   | Place    | Note
-------+----------+-------------------------------------------
     0 | D:1      | PapperCannon the Octopode Conjurer began the quest for the
                  | Orb.
     0 | D:1      | Reached XP level 1. HP: 11/11 MP: 3/3
   249 | D:1      | Reached skill level 1 in Hexes
   335 | D:1      | Reached XP level 2. HP: 17/17 MP: 3/5
   462 | D:1      | Learned a level 2 spell: Searing Ray
   751 | D:1      | Reached XP level 3. HP: 21/21 MP: 2/6
  1776 | D:1      | Found a faded altar of an unknown god.
  2387 | D:2      | Reached XP level 4. HP: 22/27 MP: 7/7
  3001 | D:2      | Learned a level 4 spell: Fulminant Prism
  3167 | D:2      | Found a runed translucent door.
  3168 | D:2      | Noticed Crazy Yiuf
  3623 | D:3      | Reached XP level 5. HP: 24/31 MP: 2/8
  4040 | D:3      | Identified the +2 robe of Kitouter {Int+4}
  5403 | D:4      | Noticed a black bear
  5420 | D:4      | Killed a black bear
  5421 | D:4      | Reached skill level 5 in Conjurations
  5421 | D:4      | Reached skill level 5 in Hexes
  5421 | D:4      | Reached XP level 6. HP: 36/36 MP: 0/9
  5812 | D:4      | Noticed Robin
  6133 | D:4      | Killed Robin
  6372 | D:5      | Entered Level 5 of the Dungeon
  6372 | D:5      | Found Gautat's Jewellery Boutique.
  6879 | D:5      | Reached XP level 7. HP: 41/41 MP: 5/10
  6978 | D:5      | Found Vasoothru's Distillery.
  7033 | D:5      | Found Ruenwyw's Jewellery Shop.
  7163 | D:5      | Found Ureutwih's Distillery.
  7357 | D:6      | Found Atoak's Antique Armour Boutique.
  7503 | D:6      | Reached XP level 8. HP: 46/46 MP: 4/11
  9297 | D:6      | Found Atoak's Antique Armour Boutique.
  9927 | D:7      | Noticed Pikel
  9940 | D:7      | Killed Pikel
 10128 | D:7      | Reached XP level 9. HP: 43/51 MP: 4/12
 10306 | D:7      | Noticed Menkaure
 10313 | D:7      | Killed Menkaure
 10517 | D:7      | Found a staircase to the Ecumenical Temple.
 10526 | Temple   | Entered the Ecumenical Temple
 10630 | Temple   | Became a worshipper of Gozag Ym Sagoz the Greedy
 10686 | D:7      | Found a runed translucent door.
 10688 | D:7      | Noticed an orange crystal statue
 10690 | D:7      | Found the +10 tower shield of Ignorance {rN+ Int-4}
 10705 | D:7      | Found a runed translucent door.
 11498 | D:8      | Identified the +6 dagger "Noqofiel" {holy, rPois Str+3
                  | Int-3}
 11641 | D:8      | Found a sand-covered staircase.
 11652 | Ossuary  | Entered an ossuary
 13951 | D:8      | Reached skill level 10 in Conjurations
 13951 | D:8      | Reached skill level 10 in Hexes
 15192 | D:8      | Reached XP level 10. HP: 56/56 MP: 5/13
 15448 | D:8      | Noticed a green ugly thing
 15470 | D:8      | Killed a green ugly thing
 15857 | D:8      | Found a runed translucent door.
 15857 | D:8      | Noticed a manticore
 15858 | D:8      | Found a runed translucent door.
 15858 | D:8      | Noticed a seven-headed hydra
 17752 | D:9      | Found a shimmering altar of Xom.
 17752 | D:9      | Found an ancient bone altar of Kikubaaqudgha.
 17752 | D:9      | Found a snail-covered altar of Cheibriados.
 17761 | D:9      | Found an iron altar of Okawaru.
 17764 | D:9      | Found a burning altar of Makhleb.
 18046 | D:10     | Entered Level 10 of the Dungeon
 18456 | D:10     | Reached XP level 11. HP: 61/61 MP: 0/14
 19827 | D:10     | Found a glowing silver altar of Zin.
 20710 | D:11     | Found a staircase to the Lair.
 22728 | D:11     | Noticed an eight-headed hydra
 22737 | D:11     | Killed an eight-headed hydra
 22765 | D:11     | Noticed a two-headed ogre
 22852 | D:11     | Killed a two-headed ogre
 23103 | D:11     | Noticed a manticore
 23117 | D:11     | Killed a manticore
 23349 | D:11     | Noticed a purple ugly thing
 23359 | D:11     | Killed a purple ugly thing
 23946 | Lair:1   | Entered Level 1 of the Lair of Beasts
 23970 | Lair:1   | Reached XP level 12. HP: 38/66 MP: 0/15
 24922 | D:11     | HP: 2/66 [yak (10)]
 26031 | D:11     | Learned a level 4 spell: Iskenderun's Mystic Blast
 26896 | Lair:1   | Noticed a five-headed hydra
 26903 | Lair:1   | Killed a five-headed hydra
 26904 | Lair:1   | Reached skill level 1 in Fighting
 26904 | Lair:1   | Reached skill level 1 in Translocations
 27146 | Lair:1   | Noticed Sonja
 27476 | Lair:1   | Killed Sonja
 29043 | Lair:2   | Noticed a death yak
 29044 | Lair:2   | Noticed a death yak
 29044 | Lair:2   | Noticed a death yak
 29047 | Lair:2   | Noticed a death yak
 29055 | Lair:2   | Killed a death yak
 29056 | Lair:2   | Reached skill level 5 in Stealth
 29447 | Lair:2   | Reached XP level 13. HP: 12/76 MP: 1/17
 31703 | Lair:2   | Found a staircase to the Shoals.
 32877 | Lair:2   | Found a staircase to the Shoals.
 33282 | Lair:3   | Reached skill level 15 in Conjurations
 34411 | Lair:3   | Noticed Gastronok
 34556 | Lair:3   | Killed Gastronok
 35603 | Lair:3   | Found a staircase to the Snake Pit.
 36199 | Snake:1  | Entered Level 1 of the Snake Pit
 36232 | Lair:4   | Reached skill level 5 in Dodging
 37463 | Lair:4   | Reached skill level 1 in Ice Magic
 37836 | Lair:4   | Reached XP level 14. HP: 11/86 MP: 8/20
 38317 | Lair:5   | Found a staircase to the Slime Pits.
 38572 | Lair:5   | Reached skill level 5 in Fighting
 39534 | Lair:5   | Reached skill level 5 in Translocations
 40271 | Lair:5   | Learned a level 7 spell: Orb of Destruction
 40957 | Lair:6   | Entered Level 6 of the Lair of Beasts
 41138 | Lair:6   | Reached skill level 15 in Hexes
 42144 | Lair:6   | Reached skill level 5 in Ice Magic
 44870 | Lair:6   | Found the +7 captain's cutlass {speed, disarm}
 45298 | Lair:6   | Identified the +5 rapier of the Pits of Slime {freeze,
                  | rElec}
 47323 | D:12     | Reached XP level 15. HP: 92/92 MP: 13/21
 47464 | D:12     | Found a staircase to the Orcish Mines.
 48258 | Orc:1    | Entered Level 1 of the Orcish Mines
 49013 | Orc:1    | Found Suzxofob's Assorted Antiques.
 49022 | Orc:1    | Bought a scroll of identify for 44 gold pieces
 49023 | Orc:1    | Bought a bubbling orange potion for 19 gold pieces
 49023 | Orc:1    | Bought a scroll labelled WOCUOF USOM for 22 gold pieces
 49065 | Orc:1    | Found Luaryliz's Book Boutique.
 49476 | Orc:1    | Found Lyl Tuss's Weapon Shoppe.
 49843 | Orc:1    | Found Tuciphes's Armour Shoppe.
 50052 | Orc:1    | Learned a level 5 spell: Freezing Cloud
 50053 | Orc:2    | Entered Level 2 of the Orcish Mines
 50337 | Orc:2    | Found Natraog's Magic Scroll Shop.
 50524 | Orc:2    | Noticed an orc warlord
 51298 | Orc:2    | Killed an orc warlord
 51583 | Orc:2    | Bought a scroll of identify for 28 gold pieces
 51849 | Orc:2    | Reached skill level 10 in Ice Magic
 52169 | Orc:2    | Bought a scroll of teleportation for 42 gold pieces
 52169 | Orc:2    | Bought a scroll of blinking for 105 gold pieces
 52180 | Orc:2    | Found Hyapuosk's General Store.
 53939 | Orc:2    | Bought a scroll of teleportation for 33 gold pieces
 53939 | Orc:2    | Bought a potion of lignification for 33 gold pieces
 54442 | Orc:2    | Found Zisuaz's Book Boutique.
 54693 | Orc:2    | Found Nutor's Antique Armour Shoppe.
 55074 | Orc:2    | Found a staircase to the Elven Halls.
 55098 | Orc:2    | Found Ysame's Antique Weapon Shop.
 55451 | Shoals:1 | Entered Level 1 of the Shoals
 55451 | Shoals:1 | Noticed Josephine
 59000 | D:13     | Found a gate to the Vaults.
 60232 | D:13     | You fall into a shaft and drop 1 floor!
 61308 | D:14     | Reached XP level 16. HP: 98/98 MP: 7/22
 61535 | D:14     | Found Ifyraud's Antique Weapon Boutique.
 61579 | D:14     | Found Utrin's General Store.
 61579 | D:14     | Found Ogut's Distillery.
 61651 | D:14     | Bought a scroll of blinking for 97 gold pieces
 61655 | D:14     | Bought a potion of ambrosia for 104 gold pieces
 61655 | D:14     | Bought a potion of heal wounds for 65 gold pieces
 61655 | D:14     | Bought a potion of heal wounds for 65 gold pieces
 62510 | D:14     | Found Esarghusi's Distillery.
 66036 | Lair:3   | Identified a scroll of acquirement
 66236 | Snake:1  | Noticed Aizul
 66247 | Snake:1  | Killed Aizul
 67968 | Snake:2  | Reached skill level 15 in Ice Magic
 69893 | Snake:2  | Found Xappamis's Gadget Gallery.
 72323 | Snake:3  | Noticed a nagaraja
 72327 | Snake:3  | Killed a nagaraja
 72820 | Snake:4  | Entered Level 4 of the Snake Pit
 72936 | Snake:4  | Noticed Vashnia
 74722 | Snake:4  | Noticed a nagaraja
 74725 | Snake:4  | Killed a nagaraja
 75169 | Snake:4  | Noticed a nagaraja
 75173 | Snake:4  | Killed a nagaraja
 76018 | Snake:4  | Reached XP level 17. HP: 103/103 MP: 15/23
 77751 | Snake:4  | Noticed Asterion
 77754 | Snake:4  | Annihilated by Asterion

Illustrated notes

Levels and vault maps discovered:
D:1:      erik_arrival_cave_to_civilisation [erik_arrival_cave_to_hall],
          layout_basic, hellmonk_ecumenical_altar_defaced_shrine,
          hex_intersection, grunt_decor_mini_mirrors
D:2:      layout_loops_corners, nrook_mini_vaults,
          chequers_serial_rivers_room_a, serial_bayou_pond_e,
          uniq_crazy_yiuf_cottage
D:3:      layout_rooms, hangedman_decor_diamond_cutter, minivault_5,
          chequers_serial_rivers_micro_e, grunt_ministairs_6,
          chequers_serial_rivers_room_a, minmay_misc_feat_tower
D:4:      layout_gridville, uniq_robin
D:5:      layout_cave_pools, serial_shops, nicolae_stop_n_shop_2, shop, shop,
          nicolae_shop_behind_doors, minmay_fountain_box,
          kennysheep_generic_room_11
D:6:      layout_basic, serial_shops, nicolae_stop_n_shop_1
D:7:      layout_loops_ring, minmay_temple_entry_antechambers,
          chequers_guarded_unrand_ignorance, uniq_pikel, uniq_menkaure
D:8:      minmay_the_grid_triangle_9x9_rhombus_full
          [minmay_the_grid_triangle_9x9_thin_v,
          minmay_the_grid_triangle_9x9_cache,
          minmay_the_grid_triangle_9x9_wacky_v,
          minmay_the_grid_triangle_9x9_tough_junction,
          minmay_the_grid_triangle_9x9_semitri,
          minmay_the_grid_triangle_9x9_odd_lines,
          minmay_the_grid_triangle_9x9_fully_insulated_deathbox,
          minmay_the_grid_triangle_9x9_prize_special], layout_layer_cave,
          chequers_ossuary_entry_cave
D:9:      layout_loops_corners, minmay_overflow_temple_star_hex, special_room
          [special_room_orc], hangedman_abyss_or_decor_passed, minivault_1,
          minmay_misc_feat_nine_boxes, minmay_strange_pillars, fountainhead,
          minivault_22
D:10:     layout_stronghold, zin_academy, grunt_ministairs_2
D:11:     layout_roguey, lair_entry_dummy, nooodl_orcs_dogs
D:12:     layout_roguey, david_orc_4, minmay_misc_feat_ornament,
          hangedman_decor_opposing
D:13:     layout_cave_pools, erik_vaults_1
D:14:     layout_basic, dreamdust_wishing_well, serial_shops, kennysheep_mini,
          shop_statue, shop, shop, nrook_campfire, kennysheep_potato
Temple:   kb_temple_of_zot
Lair:1:   layout_misc_corridors, grunt_megastairs_5, uniq_sonja
Lair:2:   minmay_lair_venomous_thicket, layout_loops_ring, shoals_dummy_entry,
          infiniplex_staircase_pool
Lair:3:   layout_concentric_octagons, minmay_snake_entry_six_corridors,
          lemuel_fruit_tree, uniq_gastronok
Lair:4:   layout_long_grid, beast_lair_carwin_8
Lair:5:   onia_ninara_swampy_vault, layout_hall_layers, slime_dummy,
          roderic_carrion_pond
Lair:6:   gammafunk_lair_ancient_temple, layout_layer_cave, minivault_24
Shoals:1: layout_shoals, uniq_josephine
Snake:1:  layout_grid_shapes, uniq_aizul
Snake:2:  layout_misc_corridors, nicolae_shop_gadgets, serial_bayou_shore_a
Snake:3:  layout_cave_town
Snake:4:  minmay_snake_end_coiled, layout_basic, uniq_vashnia, uniq_asterion
Orc:1:    layout_caves, serial_shops, shop, nicolae_lakefront_shop,
          nicolae_shop_behind_doors, nicolae_shop_hallway_stairs
Orc:2:    grunt_orc_gardens, layout_diamond_mine, grunt_orc_garden,
          grunt_orc_garden, grunt_orc_garden, grunt_orc_garden, serial_shops,
          nicolae_shop_trees

Skill      XL: |  1  2  3  4  5  6  7  8  9 10 11 12 13 14 15 16 |
---------------+-------------------------------------------------+-----
Hexes          | 1 2 3 4 5 6 8 10 11 13 14 15 | 15.0
Conjurations   | 5 6 8 10 11 13 14 15 16 17 | 17.0
Stealth        | 5 7 8 |  8.0
Fighting       | 2 4 5 |  5.0
Translocations | 2 4 5 |  5.0
Dodging        | 3 5 6 |  6.1
Spellcasting   | 3 4 |  4.6
Ice Magic      | 1 8 13 17 | 17.6

Action                   |  1- 3 |  4- 6 |  7- 9 | 10-12 | 13-15 | 16-18 || total
-------------------------+-------+-------+-------+-------+-------+-------++-------
Melee: Unarmed           |     6 |       |       |       |       |       ||     6
       Constrict         |     9 |    13 |    10 |    12 |    24 |     3 ||    71
       Spear             |    36 |    56 |     2 |       |       |       ||    94
       Tentacles         |     7 |     7 |     9 |    17 |    32 |    10 ||    82
       Staff             |       |       |    23 |    37 |    59 |     8 ||   127
       Dagger            |       |       |     8 |    10 |    36 |    12 ||    66
       Rapier            |       |       |       |       |     8 |     2 ||    10
 Cast: Magic Dart        |    15 |       |       |       |       |       ||    15
       Searing Ray       |    15 |    28 |    27 |    28 |    20 |     7 ||   125
       Fulminant Prism   |       |     8 |    44 |   146 |   250 |    10 ||   458
       Iskenderun's Myst |       |       |       |    11 |    51 |    18 ||    80
       Orb of Destructio |       |       |       |       |   100 |    75 ||   175
       Freezing Cloud    |       |       |       |       |     6 |    70 ||    76
Evoke: Wand              |       |       |     1 |     7 |     4 |    16 ||    28
       Phantom mirror    |       |       |       |     1 |     2 |     1 ||     4
  Use: Scroll            |     3 |     5 |     2 |     5 |    15 |     9 ||    39
       Potion            |       |       |       |       |       |     1 ||     1
 Stab: Sleeping          |     5 |     8 |       |       |       |       ||    13
       Distracted        |       |       |     1 |     1 |       |       ||     2
       Paralysed         |       |       |       |     3 |       |       ||     3
Armor: Skin              |     1 |     7 |     2 |     2 |    17 |     5 ||    34
Dodge: Dodged            |    28 |    47 |    48 |   106 |   276 |    92 ||   597

Table legend: (Time is in decaauts)
 A = Elapsed time spent in this place.
 B = Non-inter-level travel time spent in this place.
 C = Inter-level travel time spent in this place.
 D = Time resting spent in this place.
 E = Time spent auto-exploring this place.
 F = Levels seen in this place.
 G = Mean time per level.
                   A        B        C        D        E       F      G
               +--------+--------+--------+--------+--------+-----+--------+
         Total |  77912 |  75836 |   2076 |  46109 |  21538 |  29 | 2686.6 |
       Dungeon |  33936 |  33160 |    776 |  18104 |  11510 |  14 | 2424.0 |
        Temple |    130 |     92 |     38 |      0 |     80 |   1 |  130.0 |
          Lair |  22444 |  21499 |    945 |  14076 |   5379 |   6 | 3740.7 |
        Shoals |      6 |      6 |      0 |      0 |      0 |   1 |    6.0 |
     Snake Pit |  12950 |  12825 |    125 |   8881 |   2643 |   4 | 3237.5 |
  Orcish Mines |   6620 |   6428 |    192 |   3640 |   1821 |   2 | 3310.0 |
       Ossuary |   1823 |   1823 |      0 |   1408 |    105 |   1 | 1823.0 |
               +--------+--------+--------+--------+--------+-----+--------+

Top non-repeatable levels by time:
    D:11: 5627 daAuts
  Lair:5: 5176 daAuts
  Lair:3: 4964 daAuts
    D:12: 4624 daAuts
  Lair:1: 4540 daAuts
 Snake:4: 4433 daAuts
   Orc:1: 4352 daAuts
  Lair:2: 3622 daAuts
    D:10: 3618 daAuts
 Snake:1: 3386 daAuts
 Snake:3: 2735 daAuts
     D:8: 2668 daAuts
  Lair:6: 2643 daAuts
     D:6: 2455 daAuts
     D:9: 2402 daAuts
